 Dungeon Sprint DCSS version 0.31.0-9-g3a7656b989 (webtiles) character file.

Game seed: 18188796105665381716

36584 Groucho the Imperceptible (level 13, -4/83 HPs)
             Began as a Felid Shapeshifter on Feb 6, 2024.
             Was the Champion of Trog.
             Killed by vampiric draining
             ... invoked by a vampire knight
              (25 damage)
             ... in the Dungeon (Sprint IX: "|||||||||||||||||||||||||||||").
             The game lasted 00:10:25 (3324 turns).

Groucho the Imperceptible (Felid Shapeshifter)      Turns: 3324, Time: 00:10:25

Health: -4/83      AC: -1    Str: 10    XL:     13   Next: 53%
Magic:  17/17      EV: 49    Int: 15    God:    Trog [******]
Gold:   2022       SH:  0    Dex: 23    Spells: 12/12 levels left
                                        Lives:  0   Deaths: 3

rFire   . .          .
                       - Unarmed
rCold   + . .        (shield unavailable)
rNeg    . . .        (body armour unavailable)
rPois   .            (helmet unavailable)
rElec   .            (cloak unavailable)
rCorr   .            (gloves unavailable)
SInv    +            (boots unavailable)
Will    +++..        u - amulet of magic regeneration
Stlth   ++++         k - +3 ring of dexterity
HPRegen 1.33/turn    t - +5 ring of evasion
MPRegen 0.55/turn

%: no teleportation
@: flux-form, marked, strong-willed, corroded, on berserk cooldown,
regenerating, slowed, glowing, very slow
A: glow, contaminating, very small, claws 1, fangs 3, see invisible, shaggy fur
3, stealthy paws, no weapons or thrown items, no armour, multi-lived
a: Begin Untransformation, Renounce Religion, Berserk, Trog's Hand, Brothers in
Arms


You were in the Dungeon.
You worshipped Trog.
Trog was exalted by your worship.
You were something dangerously unstable.
You visited 1 branch You collected 2814 gold pieces.
You spent 792 gold pieces at shops.

Inventory:

Jewellery
 k - a +3 ring of dexterity (left paw)
 l - a ring of protection from fire
 t - a +5 ring of evasion (right paw)
 u - an amulet of magic regeneration (around neck)
 v - a ring of ice
Talismans
 b - a beast talisman
 c - a flux talisman (active)
Wands
 j - a wand of quicksilver (10)
Scrolls
 i - a scroll of blinking
 o - 2 scrolls of fear
 p - 4 scrolls of fog
 q - a scroll of identify
 s - a scroll of summoning
Potions
 a - 2 potions of mutation
 d - 6 potions of curing
 f - a potion of haste
 g - 4 potions of magic
 h - a potion of berserk rage
 m - a potion of resistance
 n - a potion of lignification
 r - a potion of attraction


   Skills:
 + Level 16.8 Fighting
 + Level 21.4 Dodging
 + Level 22.9 Stealth
 + Level 17.0 Unarmed Combat
 - Level 4.2 Invocations
 + Level 14.5 Shapeshifting


You had 12 spell levels left.
You didn't know any spells.
Your spell library was empty.

Dungeon Overview and Level Annotations

Branches:
Dungeon (1/1)

Altars:
Cheibriados
Dithmenos
Elyvilon
Fedhas
Gozag
Hepliaklqana
Kikubaaqudgha
Makhleb
Nemelex Xobeh
Okawaru
Qazlal
Ru
Sif Muna
Trog
Uskayaw
Vehumet
Wu Jian
Xom
Yredelemnul
Zin
The Shining One
Jiyva
Lugonu

Shops:
D (=(:


Innate Abilities, Weirdness & Mutations

You are something dangerously unstable.
You glow with magical radiation, making you easy to see and hit.
Foes you strike become dangerously contaminated with magical radiation.
You have sharp claws.
You have razor-sharp teeth.
You have supernaturally acute eyesight. (SInv)
Your thick and shaggy fur keeps you warm. (AC +3, rC+)
Your paws help you pounce on unaware monsters.
You are incapable of wielding weapons or throwing items.
You cannot wear armour.
You gain extra lives every three experience levels.


Message History

* * * LOW HITPOINT WARNING * * *
The vampire knight draws strength from your injuries!
The arcanist says, "Dogrw nutew berg."
You scratch the vampire knight.
The vampire knight shudders as magic cascades through it!!!
You bite the vampire knight, but do no damage.
The vampire knight is severely damaged.
The vampire knight draws life force from you!
* * * LOW HITPOINT WARNING * * *
The vampire knight is healed by the life force!
You scratch the vampire knight but do no damage.
The vampire knight begins to glow.
The vampire knight is heavily damaged.
You scratch the vampire knight.
The vampire knight glows dangerously bright.
You bite the vampire knight, but do no damage.
The vampire knight is heavily damaged.
The vampire knight completely misses you. x2
The arcanist points at you and mumbles some strange words.
The lance of force misses you.
The lance of force hits the vampire knight.
The vampire knight is knocked back by the lance of force.
You are no longer berserk.
You are exhausted.
You feel yourself slow down. The arcanist completely misses you.
The vault sentinel blows a loud note on a signal horn!
The arcanist misses you.
There is an open door, spattered with blood here.
Items here: )) [[.
You barely miss the arcanist. The arcanist closely misses you.
The ironbound convoker gestures at the entropy weaver while chanting.
The entropy weaver seems to grow stronger.
An arcanist comes into view. It is wielding a +0 dagger.
The vampire knight completely misses you. x2
The arcanist completely misses you.
You claw the arcanist!
The arcanist begins to glow.
You bite the arcanist.
The arcanist is moderately wounded.
The vampire knight draws life force from you!!
You die...

▓▓▓▓▓▓▓▓▓▓▓▓▓▓▓▓▓▓▓▓▓▓▓▓▓▓▓
▓..........................
▓.▓▓▓▓▓▓▓▓▓▓▓▓▓▓▓▓▓▓▓▓▓▓▓▓▓
▓.......)Vpp)p.pBp.
▓▓▓▓▓▓▓▓▓▓▓▓▓▓▓▓▓▓▓
▓▓▓▓▓▓▓▓▓▓▓▓▓▓▓▓▓▓▓▓▓▓▓▓▓▓▓
▓........................).
▓.▓▓▓▓▓▓▓▓▓▓▓▓▓▓▓▓▓▓▓▓▓▓▓▓▓
▓.........'........(÷))..('


You could see a vampire knight (fast, heavy contam), an entropy weaver (strong),
a vault sentinel (catching breath), an ironbound convoker (strong, misshapen)
and 2 arcanists.

Vanquished Creatures
  Gastronok (D)
  2 ironbound preservers (D)
  2 stone giants (D)
  A very ugly thing (D)
  A deep elf annihilator (D)
  A mummy priest (D)
  A merfolk javelineer (D)
  An ettin (D)
  A great orb of eyes (D)
  4 ogre magi (D)
  Harold (D)
  2 hydras (D)
  4 centaur warriors (D)
  4 catoblepae (D)
  6 two-headed ogres (D)
  A deep troll earth mage (D)
  Urug (D)
  2 orc high priests (D)
  2 death yaks (D)
  Sonja (D)
  2 ironbound convokers (D)
  A necromancer (D)
  2 orc knights (D)
  A cyclops (D)
  A manticore (D)
  A vault sentinel (D)
  A black mamba (D)
  A gargoyle (D)
  A kobold demonologist (D)
  A rime drake (D)
  3 komodo dragons (D)
  An unseen horror (D)
  2 tengu conjurers (D)
  A troll (D)
  A blink frog (D)
  2 slime creatures (D)
  4 yaks (D)
  A wraith (D)
  A basilisk (D)
  A steam dragon (D)
  Grum (D)
  An acid dragon (D)
  A water moccasin (D)
  5 orc warriors (D)
  2 centaurs (D)
  5 wolves (D)
  4 ogres (D)
  3 bullfrogs (D)
  A scorpion (D)
  An orc priest (D)
  An iguana (D)
  A gnoll (D)
  An ufetubus (D)
  A dart slug (D)
  4 orcs (D)
  A bat (D)
  A hobgoblin (D)
  A frilled lizard (D)
  A quokka simulacrum (D)
  A rat (D)
105 creatures vanquished.

Vanquished Creatures (collateral kills)
  A lich (D)
  An ice dragon (D)
  An ugly thing (D)
  A black mamba (D)
  A water moccasin (D)
  An orc warrior (D)
  An orc priest (D)
  9 orcs (D)
16 creatures vanquished.

Grand Total: 121 creatures vanquished

Notes
Turn   | Place    | Note
-------+----------+-------------------------------------------
     0 | D        | Groucho the Felid Shapeshifter began the quest for the Orb.
     0 | D        | Reached XP level 1. HP: 10/10 MP: 2/2
     9 | D        | Reached skill level 1 in Stealth
    12 | D        | Reached skill level 1 in Invocations
   219 | D        | Noticed a scorpion
   219 | D        | Noticed an iguana
   219 | D        | Noticed a centaur
   222 | D        | Reached skill level 2 in Stealth
   222 | D        | Reached XP level 2. HP: 15/15 MP: 2/4
   230 | D        | Killed a centaur
   231 | D        | Reached skill level 5 in Dodging
   231 | D        | Reached skill level 4 in Stealth
   231 | D        | Reached XP level 3. HP: 12/20 MP: 2/6
   231 | D        | Reached XP level 4. HP: 14/24 MP: 2/7
   231 | D        | Gained a life (2 lives remaining)
   235 | D        | Reached skill level 5 in Stealth
   237 | D        | Killed a scorpion
   238 | D        | Reached skill level 6 in Stealth
   238 | D        | Reached skill level 5 in Unarmed Combat
   238 | D        | Reached XP level 5. HP: 20/30 MP: 3/9
   812 | D        | Found a snail-covered altar of Cheibriados.
   812 | D        | Found a shadowy altar of Dithmenos.
   812 | D        | Found a white marble altar of Elyvilon.
   812 | D        | Found a blossoming altar of Fedhas.
   812 | D        | Found an opulent altar of Gozag.
   813 | D        | Found a hazy altar of Hepliaklqana.
   814 | D        | Found a viscous altar of Jiyva.
   815 | D        | Found an ancient bone altar of Kikubaaqudgha.
   816 | D        | Found a corrupted altar of Lugonu.
   817 | D        | Found a burning altar of Makhleb.
   818 | D        | Found a sparkling altar of Nemelex Xobeh.
   819 | D        | Found an iron altar of Okawaru.
   820 | D        | Found a stormy altar of Qazlal.
   821 | D        | Found a sacrificial altar of Ru.
   822 | D        | Found a shimmering blue altar of Sif Muna.
   823 | D        | Found a bloodstained altar of Trog.
   824 | D        | Found a hide-covered altar of Uskayaw.
   825 | D        | Found a radiant altar of Vehumet.
   826 | D        | Found an ornate altar of the Wu Jian Council.
   827 | D        | Found a shimmering altar of Xom.
   828 | D        | Found a basalt altar of Yredelemnul.
   829 | D        | Found a glowing silver altar of Zin.
   830 | D        | Found a glowing golden altar of the Shining One.
   833 | D        | Became a worshipper of Trog the Wrathful
   861 | D        | Noticed a centaur
   861 | D        | Noticed an acid dragon
   861 | D        | Noticed a wraith
   861 | D        | Noticed a kobold demonologist
   861 | D        | Noticed a gargoyle
   861 | D        | Noticed a troll
   863 | D        | Killed a troll
   864 | D        | Reached skill level 8 in Stealth
   864 | D        | Reached skill level 5 in Shapeshifting
   864 | D        | Gained mutation: You are covered in thick fur. (AC +2)
                  | [Felid growth]
   864 | D        | Reached XP level 6. HP: 36/36 MP: 10/10
   865 | D        | Killed a gargoyle
   866 | D        | Reached skill level 9 in Stealth
   866 | D        | Reached XP level 7. HP: 42/42 MP: 11/11
   868 | D        | Killed a kobold demonologist
   868 | D        | Reached * piety under Trog
   869 | D        | Reached skill level 10 in Dodging
   869 | D        | Reached skill level 10 in Stealth
   876 | D        | Killed a wraith
   877 | D        | Reached XP level 8. HP: 33/47 MP: 12/12
   878 | D        | Reached ** piety under Trog
   879 | D        | Reached skill level 11 in Stealth
   891 | D        | Noticed a slime creature
   891 | D        | Noticed an unseen horror
   891 | D        | Noticed a centaur warrior
   891 | D        | Noticed a catoblepas
   891 | D        | Noticed a centaur warrior
   895 | D        | Killed a centaur warrior
   896 | D        | Reached skill level 12 in Stealth
   897 | D        | Killed a catoblepas
   897 | D        | Reached *** piety under Trog
   898 | D        | Reached skill level 13 in Stealth
   898 | D        | Reached skill level 10 in Unarmed Combat
   898 | D        | Reached XP level 9. HP: 41/53 MP: 13/13
   899 | D        | Killed a centaur warrior
   900 | D        | Reached skill level 10 in Fighting
   901 | D        | Killed an unseen horror
   902 | D        | Reached skill level 14 in Stealth
  1037 | D        | Acquired 901 gold pieces
  1052 | D        | Noticed a komodo dragon
  1052 | D        | Noticed a komodo dragon
  1053 | D        | Noticed a rime drake
  1054 | D        | Reached **** piety under Trog
  1057 | D        | Noticed a komodo dragon
  1058 | D        | Killed a komodo dragon
  1059 | D        | Reached XP level 10. HP: 60/60 MP: 14/14
  1071 | D        | Reached ***** piety under Trog
  1082 | D        | Reached skill level 15 in Stealth
  1261 | D        | Noticed a four-headed hydra
  1261 | D        | Noticed a black mamba
  1261 | D        | Noticed a black mamba
  1265 | D        | Noticed a six-headed hydra
  1267 | D        | Killed a black mamba
  1279 | D        | Killed a four-headed hydra
  1280 | D        | Reached skill level 10 in Shapeshifting
  1284 | D        | Killed a six-headed hydra
  1285 | D        | Reached skill level 15 in Dodging
  1285 | D        | Reached skill level 16 in Stealth
  1297 | D        | Killed a black mamba
  1332 | D        | Noticed a death yak
  1332 | D        | Noticed a catoblepas
  1332 | D        | Noticed a death yak
  1332 | D        | Noticed a catoblepas
  1333 | D        | Noticed a catoblepas
  1336 | D        | Killed a catoblepas
  1336 | D        | Reached ****** piety under Trog
  1337 | D        | Reached XP level 11. HP: 48/66 MP: 15/15
  1338 | D        | Killed a death yak
  1339 | D        | Reached skill level 17 in Stealth
  1340 | D        | Killed a catoblepas
  1344 | D        | Killed a death yak
  1346 | D        | Killed a catoblepas
  1567 | D        | Noticed an orc knight
  1567 | D        | Noticed an orc high priest
  1597 | D        | Killed an orc knight
  1598 | D        | Reached skill level 18 in Stealth
  1601 | D        | Killed an orc high priest
  1602 | D        | Noticed an orc high priest
  1615 | D        | Noticed an orc knight
  1625 | D        | Killed an orc high priest
  1637 | D        | Killed an orc knight
  2003 | D        | Found Fivvy's Book Boutique.
  2003 | D        | Noticed a two-headed ogre
  2003 | D        | Noticed a two-headed ogre
  2003 | D        | Noticed an ogre mage
  2003 | D        | Noticed an ogre mage
  2011 | D        | Killed an ogre mage
  2012 | D        | Found Woevem's Weapon Shop.
  2020 | D        | Killed a two-headed ogre
  2027 | D        | Killed a two-headed ogre
  2028 | D        | Reached skill level 19 in Stealth
  2030 | D        | Killed an ogre mage
  2031 | D        | Gained mutation: Your thick and shaggy fur keeps you warm.
                  | (AC +3, rC+) [Felid growth]
  2031 | D        | Reached XP level 12. HP: 42/74 MP: 16/16
  2043 | D        | Found Zihet's Jewellery Boutique.
  2049 | D        | Found Uczock's Antique Weapon Shop.
  2051 | D        | Noticed a two-headed ogre
  2052 | D        | Noticed a two-headed ogre
  2053 | D        | Noticed a two-headed ogre
  2054 | D        | Noticed an ogre mage
  2057 | D        | Noticed a two-headed ogre
  2059 | D        | Killed a two-headed ogre
  2063 | D        | Killed a two-headed ogre
  2068 | D        | Killed a two-headed ogre
  2078 | D        | Killed a two-headed ogre
  2079 | D        | Killed an ogre mage
  2128 | D        | Bought a +5 ring of evasion for 432 gold pieces
  2128 | D        | Bought an amulet of magic regeneration for 360 gold pieces
  2192 | D        | Noticed Grum
  2203 | D        | Reached skill level 20 in Stealth
  2209 | D        | Killed Grum
  2249 | D        | Noticed Gastronok
  2262 | D        | Killed Gastronok
  2263 | D        | Reached skill level 15 in Unarmed Combat
  2289 | D        | Noticed Harold
  2298 | D        | Killed Harold
  2305 | D        | Noticed Urug
  2316 | D        | Killed Urug
  2472 | D        | Noticed a centaur warrior
  2472 | D        | Noticed a centaur warrior
  2473 | D        | Noticed an ogre mage
  2478 | D        | Reached skill level 15 in Fighting
  2481 | D        | Noticed a stone giant
  2492 | D        | Noticed a purple very ugly thing
  2497 | D        | Killed a centaur warrior
  2498 | D        | Noticed an ettin
  2505 | D        | Killed a centaur warrior
  2506 | D        | Noticed a stone giant
  2508 | D        | Paralysed by an ogre mage for 2 turns
  2522 | D        | Killed a red very ugly thing
  2523 | D        | Reached skill level 21 in Stealth
  2524 | D        | HP: 2/77 [stone giant (27)]
  2537 | D        | Noticed a deep troll earth mage
  2538 | D        | Killed a stone giant
  2540 | D        | HP: 2/77 [stone giant simulacrum[a necromancer] (9)]
  2544 | D        | Killed a stone giant
  2548 | D        | Slain by a stone giant simulacrum
  2548 | D        | Lost a life (1 life remaining)
  2807 | D        | Killed an ogre mage
  2808 | D        | Reached XP level 13. HP: 77/81 MP: 17/17
  2808 | D        | Gained a life (2 lives remaining)
  2815 | D        | Killed an ettin
  3011 | D        | Noticed Sonja
  3026 | D        | Killed Sonja
  3092 | D        | Noticed an eleionoma
  3092 | D        | Noticed an eleionoma
  3102 | D        | Noticed an eleionoma
  3106 | D        | HP: 3/81 [ghost crab] (5)]
  3107 | D        | Engulfed by a ghost crab's spectral mist
  3107 | D        | Lost a life (1 life remaining)
  3136 | D        | Noticed a vampire knight
  3136 | D        | Noticed a lich
  3136 | D        | Noticed a stone giant
  3160 | D        | Killed a lich
  3161 | D        | Reached skill level 22 in Stealth
  3162 | D        | Killed from afar by a deep troll earth mage
  3162 | D        | Lost a life (0 lives remaining)
  3247 | D        | Noticed an ironbound preserver
  3253 | D        | Noticed an ironbound preserver
  3266 | D        | Killed an ironbound preserver
  3278 | D        | Noticed a vampire knight
  3281 | D        | Killed an ironbound preserver
  3287 | D        | Noticed a mummy priest
  3287 | D        | Noticed a deep elf annihilator
  3287 | D        | Noticed a merfolk javelineer
  3293 | D        | Killed a mummy priest
  3306 | D        | Killed a deep elf annihilator
  3312 | D        | Killed a merfolk javelineer
  3324 | D        | Killed from afar by a vampire knight

Illustrated notes

Levels and vault maps discovered:
D:        linesprint [early_d, line_temple, items_1, d_10, items_2, lair_1,
          lair_end, items_3, orc_1, orc_end, items_4, d_15, swamp_1, shoals_1,
          snake_1, spider_1, d_20, vaults_1, items_5, swamp_end, shoals_end,
          snake_end, spider_end, vaults_end, d_27, items_6, zot_1, zot_end,
          crypt_end, forest_end, elf_end, slime_end, tomb_end, abyss_end,
          pan_hell_end]

Skill      XL: |  1  2  3  4  5  6  7  8  9 10 11 12 13 |
---------------+----------------------------------------+-----
Dodging        | 3 5 6 8 9 10 12 13 15 18 20 21 | 21.4
Stealth        | 2 4 6 8 9 10 13 14 16 19 21 22 | 22.9
Invocations    | 1 3 4 |  4.2
Shapeshifting  | 3 4 5 6 7 8 9 10 12 13 14 | 14.5
Fighting       | 2 3 4 6 7 9 10 12 14 15 16 | 16.8
Unarmed Combat | 4 5 6 7 8 10 12 14 15 17 | 17.0

Action                     |  1- 3 |  4- 6 |  7- 9 | 10-12 | 13-15 || total
---------------------------+-------+-------+-------+-------+-------++-------
  Melee: Unarmed           |    16 |    15 |    23 |   308 |   108 ||   470
         Bite              |     2 |       |     1 |    60 |    25 ||    88
         Punch             |       |     1 |       |     5 |       ||     6
 Invoke: Trog's Hand       |       |       |       |     6 |     7 ||    13
         Brothers in Arms  |       |       |       |     2 |     3 ||     5
         Berserk           |       |       |       |     1 |     1 ||     2
    Use: Potion            |     2 |     2 |       |     8 |       ||    12
         Scroll            |       |       |     1 |       |     1 ||     2
   Stab: Sleeping          |     1 |     2 |     9 |    12 |       ||    24
         Invisible         |       |       |     3 |       |       ||     3
         Distracted        |       |       |       |     1 |       ||     1
 Armour: Skin              |    13 |     8 |     3 |    57 |    30 ||   111
  Dodge: Dodged            |    14 |       |     9 |   286 |    88 ||   397
   Form: Flux              |       |       |       |     1 |       ||     1
